Map: Reclamation LE

Players

cheesemaniac (uThermal) - Winner!

  • Race: Terran Terran
  • League: Master
  • Spawn Location: 11:00

XeNonVenom - Winner!

  • Race: Terran Terran
  • League: Diamond
  • Spawn Location: 12:00

Squirtle

  • Race: Zerg Zerg
  • Spawn Location: 5:00

New

  • Race: Zerg Zerg
  • Spawn Location: 6:00

VOD

Have the link to the VOD?

Description

Time

  • Played on: March 20, 2026, 11 a.m.
  • Length: 18:07
Show
View Real Time Build Order
Export as new Build Order

cheesemaniac Terran - Winner!

Build Orders:  

Get SALT Encoding   

  12  0:00  SCV  
  13  0:12  SCV  
  14  0:17  Supply Depot  
  14  0:24  SCV  
  15  0:39  SCV, Barracks  
  16  0:44  Refinery  
  16  0:51  SCV  
  17  1:03  SCV  
  18  1:15  SCV  
  19  1:27  Orbital Command  
  20  1:38  Barracks Reactor  
  19  1:42  Command Center  
  19  1:52  Bunker  
  19  1:54  SCV  
  19  2:00  Supply Depot  
  20  2:06  SCV  
  21  2:14  Marine x2  
  23  2:22  SCV  
  24  2:24  Factory  
  24  2:32  Marine x2  
  24  2:36  Bunker  
  26  2:39  SCV  
  27  2:46  Refinery  
  27  2:49  Marine  
  27  2:50  Marine  
  29  2:55  SCV  
  30  2:59  SCV  
  31  3:07  Marine x2  
  31  3:08  Factory Tech Lab  
  32  3:19  SCV  
  32  3:21  Orbital Command  
  32  3:27  Siege Tank  
  35  3:33  Marine, SCV  
  37  3:34  Marine  
  38  3:43  Starport  
  38  3:45  SCV  
  39  3:53  Marine x2  
  40  4:03  Siege Tank  
  40  4:05  SCV, Supply Depot  
  44  4:16  Marine x2  
  46  4:17  Orbital Command  
  46  4:27  SCV  
  47  4:35  Armory  
  47  4:36  Armory  
  47  4:39  SCV  
  48  4:47  SCV  
  48  4:50  Supply Depot  
  48  4:51  Banshee, SCV  
  48  4:52  Cloaking Field  
  53  4:59  SCV  
  54  5:12  SCV x2  
  56  5:15  Command Center  
  56  5:20  Supply Depot  
  56  5:24  SCV x2  
  58  5:34  Banshee  
  61  5:36  SCV  
  61  5:41  SCV  
  61  5:42  Hellion x2, Supply Depot  
  67  5:48  SCV  
  67  5:49  Supply Depot  
  68  5:51  Terran Ship Weapons Level 1  
  68  5:52  Terran Vehicle And Ship Armor Level 1  
  68  5:53  SCV  
  69  5:57  Refinery  
  69  5:58  Refinery  
  69  6:00  SCV  
  70  6:06  SCV  
  70  6:07  Engineering Bay  
  71  6:12  SCV  
  71  6:18  SCV  
  76  6:26  SCV  
  76  6:27  Command Center, Raven  
  76  6:32  Hellion x2  
  80  6:37  SCV  
  81  6:41  Missile Turret  
  81  6:42  Missile Turret  
  81  6:44  Planetary Fortress  
  81  6:46  SCV  
  82  6:49  SCV  
  83  6:58  SCV  
  83  7:01  SCV  
  85  7:03  Hellion  
  85  7:04  Hellion  
  85  7:05  Banshee  
  92  7:10  SCV  
  93  7:18  SCV  
  93  7:20  Command Center  
  93  7:22  SCV  
  89  7:24  SCV  
  90  7:31  SCV  
  91  7:38  Starport  
  91  7:39  Starport  
  91  7:46  Terran Ship Weapons Level 2  
  91  7:47  Terran Vehicle And Ship Armor Level 2  
  91  7:54  Command Center  
  91  7:57  SCV  
  91  7:58  SCV  
  93  8:10  SCV  
  93  8:11  SCV  
  95  8:14  Missile Turret x2  
  95  8:18  Missile Turret  
  95  8:19  Liberator x2  
  101  8:21  Starport Reactor  
  101  8:22  Starport Reactor  
  101  8:25  SCV x2  
  103  8:34  Refinery  
  103  8:37  Refinery, Missile Turret  
  103  8:38  Planetary Fortress  
  103  8:41  SCV  
  104  8:51  SCV  
  104  8:52  Fusion Core, SCV  
  104  8:54  SCV  
  107  8:59  Liberator x2  
  113  9:04  SCV x2  
  113  9:06  SCV  
  117  9:12  Liberator  
  117  9:14  Liberator  
  117  9:16  SCV  
  124  9:19  SCV x2  
  125  9:24  SCV, Liberator  
  125  9:28  SCV  
  130  9:31  SCV  
  130  9:36  Missile Turret  
  131  9:41  Planetary Fortress, Missile Turret  
  131  9:43  Missile Turret, Unknown  
  131  9:46  SCV  
  132  9:53  SCV  
  132  9:54  SCV x2  
  132  9:58  Supply Depot  
  135  10:00  Command Center  
  135  10:02  Command Center  
  135  10:03  Planetary Fortress  
  135  10:08  SCV  
  135  10:09  SCV  
  135  10:11  SCV  
  135  10:12  SCV  
  139  10:17  Battlecruiser  
  139  10:20  SCV  
  146  10:21  SCV  
  146  10:23  SCV  
  146  10:24  SCV  
  146  10:35  SCV x3  
  149  10:36  SCV  
  149  10:37  Starport x2  
  150  10:44  Missile Turret  
  150  10:46  Starport Tech Lab x2  
  150  10:47  SCV  
  145  10:55  SCV  
  144  10:59  SCV x2  
  140  11:06  Command Center  
  140  11:08  Command Center  
  139  11:13  Battlecruiser  
  139  11:15  Starport Tech Lab  
  139  11:18  Terran Ship Weapons Level 3, Terran Vehicle And Ship Armor Level 3  
  145  11:26  Battlecruiser  
  151  11:43  SCV x3  
  151  11:44  SCV  
  151  11:46  SCV x2  
  157  11:49  Starport Tech Lab  
  157  11:50  Battlecruiser  
  157  11:52  Supply Depot  
  157  11:53  Supply Depot x2  
  163  11:54  Planetary Fortress  
  163  11:58  Missile Turret  
  163  12:01  Sensor Tower  
  163  12:02  Sensor Tower  
  163  12:10  Sensor Tower  
  163  12:13  Refinery x2, Missile Turret x2  
  163  12:16  Neosteel Armor  
  163  12:21  Battlecruiser  
  163  12:22  Sensor Tower  
  169  12:30  Battlecruiser  
  169  12:31  Weapon Refit  
  175  12:40  Battlecruiser  
  168  12:52  Battlecruiser  
  174  13:01  Command Center  
  174  13:03  Battlecruiser  
  172  13:25  Battlecruiser  
  176  13:28  Planetary Fortress  
  176  13:30  SCV x2  
  176  13:31  SCV  
  176  13:32  Missile Turret  
  176  13:34  Missile Turret  
  177  13:36  SCV  
  178  13:43  Battlecruiser  
  184  13:51  SCV x3  
  187  13:56  Hi-Sec Auto Tracking, SCV  
  188  14:03  Missile Turret  
  188  14:05  Sensor Tower  
  188  14:06  Missile Turret  
  188  14:15  Battlecruiser  
  174  14:22  Battlecruiser  
  174  14:30  Battlecruiser  
  173  14:35  Command Center  
  173  14:39  Battlecruiser  
  179  14:56  Battlecruiser  
  172  15:29  Supply Depot x2  
  172  15:34  Raven  
  174  15:39  Planetary Fortress  
  174  15:49  Battlecruiser  
  180  15:57  Advanced Ballistics  
  180  16:09  Battlecruiser  
  186  16:17  Battlecruiser  
  192  16:29  Battlecruiser  
  193  16:42  Battlecruiser  
  187  16:53  Battlecruiser  
  175  17:03  Planetary Fortress  
  175  17:09  SCV x2  
  189  17:33  SCV  
  189  17:34  SCV x3  
Show
View Real Time Build Order
Export as new Build Order

XeNonVenom Terran - Winner!

Build Orders: 2 Factory, Reaper Expand 

Get SALT Encoding   

  12  0:00  SCV  
  13  0:12  SCV  
  14  0:17  Supply Depot  
  14  0:27  SCV  
  15  0:39  SCV  
  15  0:40  Barracks  
  16  0:46  Refinery  
  16  0:51  SCV  
  17  1:04  SCV  
  18  1:16  SCV  
  19  1:31  Orbital Command  
  19  1:33  Reaper  
  20  1:43  Refinery  
  20  1:45  Supply Depot  
  20  1:56  Command Center  
  20  1:58  SCV  
  21  2:17  SCV  
  21  2:18  Barracks Tech Lab  
  22  2:23  Factory  
  22  2:29  SCV  
  23  2:41  Factory, Marine, SCV  
  25  2:53  SCV  
  26  3:10  Bunker  
  26  3:18  Orbital Command  
  25  3:20  SCV  
  25  3:21  Supply Depot  
  25  3:22  Barracks Reactor  
  29  3:28  Siege Tank  
  29  3:32  SCV  
  29  3:33  Starport  
  29  3:34  Orbital Command  
  30  3:43  Factory Reactor  
  30  3:44  SCV  
  31  3:57  SCV  
  31  4:00  Siege Tank  
  31  4:01  SCV  
  36  4:07  Marine x2  
  36  4:08  Refinery  
  38  4:10  Refinery  
  38  4:12  Starport Reactor  
  38  4:14  Engineering Bay  
  38  4:15  SCV  
  39  4:18  SCV  
  40  4:25  Hellion  
  40  4:27  Hellion  
  44  4:32  Marine x2  
  44  4:33  SCV  
  44  4:38  SCV  
  48  4:44  Supply Depot  
  48  4:45  SCV  
  49  4:48  Siege Tank  
  49  4:50  SCV  
  53  4:56  Marine  
  54  5:05  Marine, SCV x2  
  54  5:06  Hellion x2  
  61  5:14  Marine  
  61  5:19  Medivac x2  
  61  5:20  Supply Depot, SCV  
  67  5:23  Marine  
  66  5:31  Widow Mine x2  
  70  5:38  Marine  
  70  5:41  Siege Tank  
  72  5:42  Supply Depot  
  72  5:50  Terran Infantry Weapons Level 1  
  72  5:52  Barracks  
  72  5:53  Barracks  
  72  5:54  Marine  
  72  5:56  Marine  
  74  6:01  SCV  
  74  6:02  SCV  
  76  6:05  Medivac x2  
  76  6:09  Supply Depot  
  80  6:13  SCV  
  81  6:19  Marine x2  
  81  6:25  SCV  
  84  6:26  SCV  
  85  6:35  Supply Depot  
  85  6:43  Barracks Reactor  
  85  6:45  Barracks Tech Lab  
  85  6:46  Barracks Tech Lab  
  85  6:53  Armory  
  85  6:55  Engineering Bay  
  85  6:56  SCV x2  
  87  7:06  Marauder x2  
  87  7:07  Supply Depot, Stimpack, Combat Shield  
  91  7:08  Command Center  
  91  7:15  Supply Depot  
  91  7:18  SCV x2  
  95  7:30  SCV  
  94  7:49  Marauder x2  
  98  7:52  Supply Depot  
  98  7:53  Supply Depot  
  98  7:54  Terran Infantry Weapons Level 2  
  98  7:55  Terran Infantry Armor Level 1  
  98  7:56  Terran Vehicle Weapons Level 1  
  98  8:09  Refinery  
  98  8:10  Missile Turret  
  98  8:12  Missile Turret  
  98  8:13  Missile Turret  
  98  8:14  Refinery  
  98  8:15  Missile Turret x2, Marine  
  98  8:16  Marine  
  98  8:17  Missile Turret  
  98  8:18  Medivac x2  
  108  8:20  Widow Mine x2  
  108  8:26  Concussive Shells  
  108  8:33  Marine x2  
  110  8:46  Missile Turret  
  110  8:51  Marine  
  110  8:52  Marine  
  112  8:59  Barracks  
  112  9:01  Barracks, Missile Turret  
  112  9:06  Missile Turret  
  112  9:09  Marine  
  105  9:10  Missile Turret  
  105  9:14  Missile Turret  
  102  9:23  Marine  
  103  9:26  Marine  
  104  9:34  Missile Turret  
  104  9:38  Planetary Fortress  
  104  9:40  Missile Turret  
  104  9:44  Widow Mine  
  104  9:45  Widow Mine  
  108  9:49  SCV  
  108  9:50  SCV  
  110  9:54  Marine  
  110  9:57  Missile Turret  
  111  10:01  Missile Turret  
  111  10:04  Missile Turret  
  111  10:08  Barracks Reactor  
  111  10:20  Marine x4  
  111  10:21  Marine  
  116  10:22  SCV x2  
  116  10:23  Missile Turret  
  116  10:24  SCV  
  119  10:34  SCV x2  
  108  10:43  Terran Infantry Weapons Level 3  
  108  10:44  Terran Infantry Armor Level 2  
  85  11:14  SCV  
  85  11:15  SCV x2  
  88  11:27  SCV x3  
  88  11:30  Marine x3  
  88  11:31  Marine  
  96  11:39  SCV x3  
  98  11:51  SCV x3  
  101  12:04  SCV  
  101  12:05  SCV, Marine x2  
  101  12:06  Marine x4  
  90  12:12  SCV  
  86  12:16  SCV  
  86  12:17  SCV  
  86  12:22  Refinery  
  88  12:23  Marine x3  
  88  12:24  Marine, SCV  
  88  12:28  SCV  
  88  12:29  SCV  
  95  12:36  SCV  
  96  12:37  Terran Vehicle Weapons Level 2  
  96  12:38  Marine  
  96  12:40  Missile Turret x2  
  97  12:49  Marine x4  
  101  12:59  Supply Depot, Medivac x2, Siege Tank  
  101  13:00  Marine, Supply Depot  
  101  13:01  Missile Turret  
  101  13:03  Supply Depot  
  109  13:06  Supply Depot  
  109  13:20  Marine x2  
  109  13:21  Marine x4  
  109  13:23  Factory Tech Lab  
  115  13:32  Barracks x2  
  115  13:33  Barracks  
  113  13:38  Marine x2, Marauder  
  113  13:39  Marine x3  
  120  13:42  Siege Tank x2, Medivac  
  120  13:43  Medivac  
  129  13:56  Marine x2  
  129  13:57  Marine  
  129  14:00  Marine  
  129  14:01  Marine x2  
  135  14:14  Marine x2  
  137  14:23  Command Center  
  137  14:24  Marine, Barracks Reactor  
  138  14:25  Barracks Reactor x2  
  136  14:39  Command Center  
  136  14:43  Marine x5  
  136  14:44  Marine  
  84  15:01  Marine x4  
  84  15:02  Marine x8  
  96  15:15  Refinery  
  96  15:16  Refinery  
  96  15:19  Marine x3  
  99  15:23  Marine  
  99  15:24  Marine x8  
  108  15:36  Marine  
  108  15:37  Marine x2, Siege Tank x2  
  108  15:39  Medivac x2  
  108  15:41  Marine  
  108  15:42  Marine x6  
  128  15:50  Marine  
  128  15:51  Marine  
  128  15:53  Starport  
  128  15:54  Marine, Planetary Fortress  
  128  15:55  Marine x2  
  133  15:57  Missile Turret  
  133  15:59  Marine  
  134  16:07  Starport  
  134  16:08  Medivac  
  134  16:09  Medivac  
  138  16:18  Missile Turret  
  138  16:31  Marine  
  138  16:32  Marine x9  
  148  16:39  Missile Turret  
  148  16:40  Marine  
  148  16:42  Medivac x2  
  151  17:03  Marine  
  151  17:06  Marine  
  151  17:07  Marine  
  153  17:10  Medivac x2  
  153  17:14  Marine x7  
  150  17:31  Marine x6  
  150  17:32  Marine x2  
  158  17:39  Marine  
Show
View Real Time Build Order
Export as new Build Order

Squirtle Zerg 

Build Orders: Hatch First 

Get SALT Encoding   

  12  0:00  Drone  
  13  0:08  Drone  
  14  0:14  Extractor  
  14  0:16  Drone  
  15  0:41  Hatchery  
  14  0:44  Extractor, Drone  
  14  0:48  Extractor  
  13  0:52  Drone  
  13  0:55  Extractor  
  13  0:57  Drone  
  17  1:09  Spawning Pool  
  16  1:18  Overlord  
  16  1:41  Hatchery  
  15  1:55  Queen  
  17  2:03  Spine Crawler  
  17  2:07  Spine Crawler  
  15  2:10  Zergling x2  
  15  2:14  Zergling x2  
  17  2:18  Drone  
  17  2:22  Drone  
  19  2:32  Drone  
  20  2:38  Drone  
  21  2:57  Drone x3  
  23  3:03  Drone  
  24  3:07  Drone  
  25  3:19  Drone x2  
  26  3:24  Queen  
  26  3:25  Extractor  
  26  3:26  Queen, Extractor  
  28  3:27  Spore Crawler  
  28  3:30  Spore Crawler  
  26  3:34  Drone  
  26  3:35  Drone  
  26  3:39  Drone  
  29  3:54  Overlord  
  29  3:55  Overlord  
  29  4:37  Lair  
  29  4:38  Metabolic Boost  
  29  4:40  Drone x2  
  29  4:42  Drone x4  
  29  4:43  Drone x3  
  29  4:45  Drone x3  
  41  5:03  Drone x2  
  41  5:05  Extractor  
  41  5:06  Extractor  
  41  5:10  Baneling Nest  
  41  5:11  Zergling x2  
  41  5:12  Zergling x2  
  42  5:21  Overlord  
  42  5:22  Overlord  
  42  5:28  Drone x2  
  44  5:44  Drone x2  
  44  5:45  Drone x3  
  49  5:55  Centrifugal Hooks, Drone x2  
  49  5:56  Spire  
  50  5:59  Hatchery  
  49  6:17  Drone x3  
  49  6:18  Queen  
  52  6:29  Drone  
  52  6:30  Drone x6  
  59  6:37  Hatchery  
  58  6:40  Drone  
  58  6:45  Drone  
  60  6:51  Extractor  
  60  6:52  Spore Crawler  
  58  6:54  Extractor  
  57  7:04  Mutalisk  
  57  7:06  Overlord x3  
  59  7:09  Zerg Flyer Weapons Level 1  
  59  7:13  Drone x2  
  59  7:14  Drone x3  
  59  7:15  Queen  
  64  7:16  Overlord  
  66  7:35  Mutalisk x7  
  80  7:39  Mutalisk  
  82  7:49  Mutalisk x4  
  90  8:02  Spore Crawler  
  89  8:08  Mutalisk x3  
  95  8:53  Overlord x4  
  95  9:01  Queen  
  95  9:02  Extractor x2  
  92  9:03  Hatchery  
  88  9:15  Mutalisk  
  88  9:16  Mutalisk x10  
  102  9:25  Mutalisk x2  
  102  9:27  Zergling x2  
  102  9:28  Zergling x12  
  102  9:29  Zergling x2  
  102  9:30  Zergling x2  
  115  9:43  Drone x2  
  115  9:44  Drone x2  
  115  9:45  Drone x2, Overlord  
  121  9:56  Zergling x4  
  121  9:57  Zergling x4  
  121  9:59  Pneumatized Carapace  
  125  10:00  Zergling x2  
  125  10:01  Zergling x4  
  127  10:12  Hatchery  
  117  10:14  Mutalisk x4  
  101  10:26  Zergling x2  
  101  10:27  Zergling x12  
  92  10:29  Zergling x2  
  92  10:32  Baneling x4  
  92  10:33  Baneling  
  92  10:34  Baneling  
  93  10:39  Baneling x3  
  93  10:40  Baneling x4  
  93  10:50  Zergling x2  
  93  10:51  Zergling x10  
  93  10:52  Zergling x2  
  100  10:58  Zergling x2  
  100  10:59  Zergling x6  
  103  11:04  Zergling x4  
  103  11:05  Zergling x4  
  103  11:07  Zergling x2  
  104  11:18  Hydralisk Den  
  104  11:21  Evolution Chamber  
  104  11:22  Evolution Chamber, Drone  
  104  11:23  Infestation Pit  
  104  11:24  Drone  
  102  11:38  Drone x4  
  102  11:39  Drone x4  
  86  12:20  Muscular Augments  
  86  12:22  Zerg Missile Weapons Level 1  
  86  12:23  Zerg Ground Armor Level 1  
  86  12:24  Hive  
  86  12:34  Overseer  
  84  12:57  Corruptor x7  
  84  12:58  Corruptor x5  
  106  13:03  Drone  
  109  13:11  Queen  
  111  13:16  Corruptor x2  
  115  13:21  Baneling  
  115  13:22  Baneling x2  
  115  13:24  Grooved Spines  
  115  13:28  Spore Crawler  
  115  13:30  Evolution Chamber, Corruptor  
  115  13:31  Corruptor  
  115  13:32  Corruptor  
  119  13:39  Corruptor  
  121  13:44  Greater Spire  
  121  14:01  Corruptor  
  121  14:02  Corruptor x3, Drone  
  130  14:11  Zerg Melee Weapons Level 1  
  108  14:28  Zergling x2  
  108  14:29  Zergling x26  
  108  14:30  Zergling x2  
  110  15:05  Corruptor x7  
  97  15:19  Drone x2  
  97  15:20  Drone  
  101  15:21  Drone  
  101  15:22  Drone x6  
  107  15:33  Corruptor x2  
  111  15:43  Corruptor x2  
  111  15:48  Zerg Flyer Weapons Level 2  
  115  16:02  Corruptor x3  
  121  16:06  Zergling x2  
  121  16:07  Zergling x8  
  121  16:09  Zergling x2  
  121  16:10  Zergling x2  
  128  16:12  Zergling x2  
  128  16:13  Zergling x2  
  128  16:14  Zergling x2  
  128  16:15  Zergling x2  
  128  16:16  Zergling x2  
  133  16:18  Zergling x4  
  133  16:19  Zergling x2  
  30  17:50  Hatchery  
Show
View Real Time Build Order
Export as new Build Order

New Zerg 

Build Orders: Hatch First, Lurkers, Roach Hydra 

Get SALT Encoding   

  12  0:00  Drone  
  13  0:08  Drone  
  14  0:16  Overlord  
  14  0:22  Extractor  
  14  0:23  Drone  
  15  0:36  Drone x2  
  17  0:54  Drone  
  17  0:55  Hatchery  
  17  0:59  Drone  
  17  1:02  Extractor  
  17  1:13  Spawning Pool  
  17  1:17  Drone  
  17  1:20  Drone  
  18  1:26  Drone  
  19  1:38  Drone  
  20  1:48  Drone  
  21  1:58  Overlord  
  21  2:01  Queen  
  21  2:02  Extractor  
  21  2:07  Queen  
  21  2:08  Zergling x2  
  26  2:15  Spine Crawler  
  26  2:18  Drone  
  26  2:21  Drone  
  27  2:28  Drone  
  27  2:29  Drone  
  29  2:32  Drone  
  30  2:40  Drone  
  31  2:46  Lair  
  31  2:47  Drone  
  31  2:49  Extractor  
  31  2:50  Metabolic Boost  
  30  3:09  Drone x3  
  33  3:14  Drone  
  33  3:15  Drone  
  33  3:16  Drone  
  36  3:20  Overlord  
  36  3:24  Roach Warren  
  36  3:25  Extractor  
  34  3:33  Overlord  
  34  3:34  Drone  
  34  3:35  Drone  
  34  3:36  Overlord  
  36  3:48  Drone x2  
  36  3:49  Drone x4  
  42  3:56  Drone x2  
  42  4:00  Evolution Chamber  
  42  4:01  Drone x2  
  45  4:06  Glial Reconstitution  
  45  4:08  Roach  
  47  4:11  Roach  
  47  4:14  Roach  
  51  4:19  Roach  
  51  4:23  Drone  
  54  4:28  Roach x3  
  60  4:35  Overlord x2  
  60  4:39  Zerg Missile Weapons Level 1  
  60  4:45  Overlord  
  60  4:57  Hatchery, Drone  
  60  5:02  Drone x3, Evolution Chamber  
  60  5:03  Drone  
  63  5:07  Spore Crawler  
  63  5:10  Roach x2  
  66  5:17  Drone x2  
  66  5:18  Extractor  
  67  5:28  Zergling x12  
  70  5:32  Zerg Ground Armor Level 1  
  73  5:41  Zergling x8  
  77  5:46  Infestation Pit  
  76  5:55  Drone x5  
  76  5:56  Drone  
  82  6:06  Overlord x2  
  82  6:09  Drone  
  83  6:15  Spore Crawler  
  83  6:18  Overseer, Spore Crawler  
  81  6:22  Infestor x3  
  81  6:23  Hydralisk Den  
  81  6:24  Drone  
  87  6:27  Spore Crawler  
  87  6:28  Drone x3  
  90  6:32  Drone  
  90  6:33  Drone x2  
  90  6:34  Drone  
  90  6:35  Drone  
  94  6:41  Spore Crawler  
  94  6:43  Drone x2  
  94  6:45  Zerg Missile Weapons Level 2  
  95  6:52  Drone x2  
  93  6:59  Hydralisk x2  
  95  7:13  Spore Crawler, Drone  
  95  7:14  Drone x5  
  90  7:25  Drone x2  
  90  7:28  Roach x4  
  90  7:29  Roach, Extractor  
  101  7:30  Zerg Ground Armor Level 2  
  101  7:33  Muscular Augments  
  101  7:43  Extractor  
  100  7:46  Hydralisk x2  
  100  7:50  Hatchery  
  103  7:51  Nydus Network  
  103  7:56  Hydralisk x2  
  106  8:03  Overlord x2  
  106  8:13  Overlord x2  
  106  8:18  Overlord  
  106  8:21  Hydralisk x3  
  106  8:22  Hydralisk x3  
  106  8:26  Drone x2  
  120  8:30  Pneumatized Carapace  
  120  8:32  Drone x3  
  123  8:37  Grooved Spines, Roach x2  
  127  8:42  Drone x3  
  130  8:48  Hydralisk x2  
  130  8:52  Lurker Den, Roach  
  135  8:56  Queen  
  137  9:04  Nydus Canal  
  137  9:09  Roach x5  
  147  9:10  Roach  
  147  9:16  Roach  
  151  9:17  Overlord x2  
  151  9:20  Drone  
  152  9:30  Hive  
  152  9:32  Overlord x2  
  152  9:40  Overlord x2  
  152  9:41  Drone x3  
  155  9:47  Drone x6  
  155  9:49  Drone x3  
  155  9:50  Lurker x3  
  155  9:51  Lurker  
  168  9:57  Spine Crawler, Drone  
  168  9:58  Drone  
  169  10:03  Drone  
  169  10:04  Drone  
  169  10:05  Drone x3  
  174  10:07  Extractor  
  174  10:08  Extractor  
  174  10:09  Hydralisk x2  
  174  10:13  Nydus Canal  
  176  10:22  Roach x3  
  176  10:23  Roach  
  178  10:36  Hydralisk x2  
  168  10:54  Hydralisk  
  168  10:55  Hydralisk x5  
  167  11:02  Hydralisk x3  
  158  11:05  Hydralisk x2  
  158  11:06  Hydralisk x4  
  167  11:11  Zerg Missile Weapons Level 3, Zerg Ground Armor Level 3  
  167  11:16  Overseer  
  167  11:17  Zergling x2  
  167  11:18  Zergling x2  
  169  11:22  Drone  
  170  11:27  Zergling x2  
  171  11:36  Overseer x2  
  171  11:39  Roach  
  177  11:40  Roach x4  
  177  11:41  Roach x2  
  177  11:46  Roach  
  187  11:49  Roach  
  189  11:57  Roach  
  189  12:01  Roach x5  
  199  12:11  Hydralisk  
  199  12:13  Overlord x2  
  199  12:17  Spore Crawler  
  199  12:18  Spore Crawler  
  199  12:19  Overseer  
  182  12:48  Hydralisk x3  
  182  12:49  Hydralisk x4  
  162  12:57  Drone x3  
  165  12:58  Drone x2  
  165  12:59  Drone  
  165  13:03  Hydralisk x2  
  165  13:04  Hydralisk x3  
  165  13:05  Hydralisk x2, Hatchery  
  173  13:18  Hydralisk x2  
  149  13:23  Hydralisk  
  149  13:26  Hydralisk  
  149  13:27  Hydralisk x3  
  135  13:33  Unknown, Hydralisk x2  
  135  13:34  Hydralisk x3  
  125  13:35  Spore Crawler  
  132  13:42  Infestor x4  
  132  13:47  Hydralisk x3  
  146  13:49  Spore Crawler, Queen  
  146  13:54  Hydralisk x2  
  151  13:56  Hydralisk x2  
  155  14:03  Hydralisk x3  
  155  14:07  Hydralisk x3  
  167  14:16  Queen  
  159  14:27  Hydralisk x4  
  167  14:32  Infestor  
  157  14:43  Hydralisk x2  
  157  14:44  Hydralisk x4  
  147  14:46  Hydralisk  
  141  14:54  Hydralisk x2  
  141  14:59  Zergling x2  
  140  15:12  Infestor x2, Hydralisk x2  
  118  15:17  Drone, Queen  
  118  15:18  Queen  
  118  15:19  Queen  
  123  15:22  Spore Crawler  
  123  15:23  Spore Crawler  
  123  15:28  Drone x3  
  122  15:33  Zergling x2  
  122  15:34  Zergling x12, Spore Crawler  
  128  15:35  Drone x2  
  128  15:36  Drone  
  128  15:37  Spore Crawler  
  128  15:38  Spore Crawler  
  128  15:40  Spore Crawler  
  128  15:43  Drone  
  129  15:51  Drone x2  
  129  15:52  Drone x4, Hydralisk  
  129  15:53  Hydralisk x3  
  143  15:58  Hydralisk x5  
  153  16:06  Hydralisk x2  
  154  16:12  Spore Crawler  
  154  16:17  Extractor  
  152  16:18  Extractor  
  152  16:21  Hydralisk x3  
  152  16:22  Hydralisk x3  
  163  16:31  Hydralisk x3  
  163  16:32  Hydralisk x3  
  146  16:40  Hydralisk x3  
  146  16:43  Hydralisk x3  
  146  16:44  Hydralisk  
  146  16:45  Extractor  
  151  16:50  Hydralisk x3  
  151  16:51  Hydralisk  
  141  16:55  Hydralisk  
  141  16:56  Hydralisk  
  134  17:02  Hydralisk  
  134  17:06  Hydralisk  
  134  17:07  Hydralisk  
  125  17:11  Hydralisk  
  125  17:13  Hydralisk x6  
  135  17:20  Hydralisk x3  
  135  17:21  Hydralisk x2  
  145  17:26  Spore Crawler  
  145  17:27  Hydralisk x6  
  145  17:28  Hydralisk  
  158  17:35  Drone  
  159  17:37  Lurker x2  
  161  17:45  Nydus Canal  
Tags
 
Add a new tag
Caveats
  • Supply blocks, unpowered buildings, or Contaminate may cause inaccurate times.
  • Supply counts are checked every 10 seconds.